 Dungeon Crawl Stone Soup version 0.24.0-125-gc4c63601f3 (webtiles) character file.

Game seed: 3471637610855862096, levelgen mode: deterministic

54 Peloso the Shield-Bearer (level 3, -6/33 HPs)
             Began as a Minotaur Fighter on Mar 5, 2020.
             Mangled by Sigmund
             ... wielding a +0 scythe
              (8 damage)
             ... on level 2 of the Dungeon.
             The game lasted 00:02:17 (1380 turns).

Peloso the Shield-Bearer (Minotaur Fighter)         Turns: 1380, Time: 00:02:17

Health: -6/33      AC:  7    Str: 20    XL:     3   Next: 66%
Magic:  2/2        EV:  7    Int:  5    God:
Gold:   10         SH:  9    Dex:  5    Spells: 2/2 levels left

rFire    . . .     SeeInvis .   a - +0 long sword
rCold    . . .     Gourm    .   c - +0 shield
rNeg     . . .     Faith    .   b - +0 scale mail
rPois    .         Spirit   .   (helmet restricted)
rElec    .         Reflect  .   (no cloak)
rCorr    .         Harm     +   (no gloves)
MR       .....                  (no boots)
Stlth    ..........             i - amulet of harm
HPRegen  0.11/turn              k - -5 ring of dexterity (curse)
MPRegen  0.08/turn              (no ring)

@: no status effects
A: retaliatory headbutt, horns 2
a: no special abilities


You were on level 2 of the Dungeon.
You were near starving.

You visited 1 branch of the dungeon, and saw 2 of its levels.

You collected 10 gold pieces.

Inventory:

Hand Weapons
 a - a +0 long sword (weapon)
Armour
 b - a +0 scale mail (worn)
 c - a +0 shield (worn)
Jewellery
 i - an amulet of harm (around neck)
 k - a cursed -5 ring of dexterity (left hand)
 l - a cursed -3 ring of intelligence {unknown}
Scrolls
 e - a scroll of identify {unknown}
 g - 3 scrolls of blinking {unknown}
 h - a scroll of magic mapping {unknown}
Potions
 d - 2 potions of might
 j - a potion of resistance {unknown}
Comestibles
 f - 4 rations


   Skills:
 + Level 4.1 Fighting
 + Level 3.1 Long Blades
 + Level 4.1 Armour
 + Level 0.4 Dodging
 + Level 4.4 Shields


You had 2 spell levels left.
You didn't know any spells.
Your spell library was empty.

Dungeon Overview and Level Annotations

Branches:
Dungeon (2/15)

Altars:
Ashenzari
Dithmenos

Annotations:
D:2 Sigmund


Innate Abilities, Weirdness & Mutations

You reflexively headbutt those who attack you in melee.
You have a pair of horns on your head.


Message History

You hit Sigmund.
Sigmund is heavily wounded.
Sigmund hits you with a +0 scythe!
You closely miss Sigmund.
Sigmund is heavily wounded.
Sigmund casts a spell.
Sigmund flickers and vanishes!
Deactivating autopickup; reactivate with Ctrl-A.
You closely miss something. Something hits you!
* * * LOW HITPOINT WARNING * * *
You hit something.
You hear some strange, mumbled words.
A magic dart appears from out of thin air!
The magic dart hits you but does no damage.
The worm bites you!
* * * LOW HITPOINT WARNING * * *
You block something's attack.
There is a stone staircase leading up, spattered with blood here.
Something hits you!
You die...

#..._ #.... ##### ##..# #...#
##.. #### #...# ###### #..###
#...# ###....# ##...######...#
###...####
##......##...########†..###
###..........@)......†#####
#...≈≈≈≈≈...w#####.#......####
##.≈≈≈≈≈≈≈≈≈{.### #.######....#
#..≈≈≈≈≈≈≈≈≈≈≈..###.# #######..
#.≈≈≈≈≈≈≈≈≈≈≈≈≈.....# #..(..###
#.≈≈≈≈≈≈_≈≈≈≈≈≈..#### #........
#.≈≈≈≈≈≈≈≈≈≈≈≈≈..# #......##
###..≈≈≈≈≈≈≈≈≈≈≈^..###
#.....###
..)†..≈≈≈≈≈≈≈≈≈..#...####.....#


You could see a worm.

Vanquished Creatures
  An adder (D:2)
  A dart slug (D:2)
  2 leopard geckos (D:2)
  5 goblins
  8 hobgoblins
  2 jackals (D:1)
  4 kobolds
  A quokka (D:2)
  A ball python (D:1)
  5 bats
  A frilled lizard (D:2)
  9 rats
40 creatures vanquished.

Notes
Turn   | Place    | Note
-------+----------+-------------------------------------------
     0 | D:1      | Peloso the Minotaur Fighter began the quest for the Orb.
     0 | D:1      | Reached XP level 1. HP: 19/19 MP: 0/0
   306 | D:1      | Reached XP level 2. HP: 27/27 MP: 1/1
   792 | D:2      | Found a shattered altar of Ashenzari.
   876 | D:2      | Reached XP level 3. HP: 31/33 MP: 2/2
  1035 | D:2      | Found a shadowy altar of Dithmenos.
  1071 | D:2      | Noticed Sigmund
  1378 | D:2      | HP: 1/33 [worm (8)]
  1380 | D:2      | Mangled by Sigmund

Levels and vault maps discovered:
D:1:      sevenhm_arrival_forest_fort_small_6, layout_basic
D:2:      layout_rooms, nicolae_dithmenos_through_a_glass_darkly, first_ration,
          lemuel_altar_in_water, uniq_sigmund, uniq_crazy_yiuf_cottage

Skill      XL: |  1  2  3 |
---------------+----------+-----
Armour         | 4 |  4.1
Fighting       | 4 |  4.1
Shields        | 4 |  4.4
Long Blades    | 3 |  3.1
Dodging        | |  0.4

Action                   || total
-------------------------++-------
Melee: Long sword        ||    96
       Headbutt          ||    13
  Use: Potion            ||     2
Armor: Scale mail        ||    42
Dodge: Dodged            ||    37
Block: Shield            ||    73
       Rpst.: Long sword ||     7
